 Dungeon Crawl Stone Soup version 0.19.0-24-gb05acd6 (webtiles) character file.

49 Ice the Conjurer (level 3, -1/31 HPs)
             Began as a Troll Wizard on Nov 21, 2016.
             Was an Initiate of Ru.
             Slain by Nathiuz's ghost (11 damage)
             ... on level 3 of the Dungeon.
             The game lasted 00:13:12 (1282 turns).

Ice the Conjurer (Troll Wizard)                     Turns: 1282, Time: 00:13:13

Health: -1/31      AC:  7    Str: 15    XL:     3   Next: 53%
Magic:  2/5        EV: 12    Int: 15    God:    Ru [......]
Gold:   134        SH:  0    Dex:  8    Spells: 3 memorised, 1 level left

rFire  . . .     SeeInvis .     t - +0 mace (crush)
rCold  . . .     Gourm    +     v - +2 robe {MR+}
rNeg   . . .     Faith    .     (no shield)
rPois  .         Spirit   .     b - +0 hat
rElec  .         Reflect  .     (no cloak)
rCorr  .         Harm     .     (gloves unavailable)
MR     +....                    (boots unavailable)
Stlth  +.........               (no amulet)
                                (no ring)
                                m - +3 ring of evasion

@: drained
A: unfitting armour, claws 3, fast metabolism 3, gourmand, regeneration 1,
shaggy fur 1, tough skin 2
a: Renounce Religion


You were on level 3 of the Dungeon.
You worshipped Ru.
Ru was noncommittal.
You were very full.

You visited 1 branch of the dungeon, and saw 3 of its levels.

You collected 134 gold pieces.

Inventory:

Hand Weapons
 g - a +0 hunting sling
 q - a +1 hand axe of flaming
 t - a +0 mace of crushing (weapon)
Missiles
 f - 90 stones (quivered)
 h - 58 arrows
 x - 7 curare-tipped needles
Armour
 b - a +0 hat (worn)
 v - a +2 robe of magic resistance (worn)
Jewellery
 m - a +3 ring of evasion (left claw)
Scrolls
 e - a scroll of remove curse {unknown}
 i - 2 scrolls of random uselessness {unknown}
 k - a scroll of blinking
 l - a scroll of fear {unknown}
 s - 2 scrolls of enchant weapon {unknown}
Potions
 a - a potion of degeneration {unknown}
 n - a potion of invisibility {unknown}
 o - a potion of might {unknown}
 r - a potion of haste {unknown}
 u - 2 potions of brilliance {unknown}
Books
 c - a book of Minor Magic

   Spells                             Type                      Level
   a - Magic Dart                     Conjuration                  1
   b - Blink                          Translocation                2
   c - Call Imp                       Summoning                    2
   d - Repel Missiles                 Charms/Air                   2
   e - Slow                           Hexes                        2
   f - Conjure Flame                  Conjuration/Fire             3
   g - Mephitic Cloud                 Conjuration/Poison/Air       3
Comestibles
 d - 2 bread rations
 j - 8 chunks of flesh
 p - 4 meat rations
 w - a beef jerky


   Skills:
 - Level 1.5(0.5) Dodging
 - Level 1.0(0.0) Stealth
 - Level 2.0(0.9) Spellcasting
 + Level 2.5(1.5) Conjurations
 - Level 0.6(0.0) Summonings
   Level 0.6(0.0) Translocations


You had one spell level left.
You knew the following spells:

 Your Spells              Type           Power        Failure   Level  Hunger
a - Magic Dart            Conj           #...         14%         1    ##.....
b - Call Imp              Summ           #.......     38%         2    ###....
c - Slow                  Hex            #.......     38%         2    ###....


Dungeon Overview and Level Annotations

Branches:
Dungeon (3/15)

Altars:
Elyvilon
Kikubaaqudgha
Nemelex Xobeh
Ru
Xom

Annotations:
D:3 Nathiuz's ghost, amateur DsAK


Innate Abilities, Weirdness & Mutations

You are too large for most types of armour.
You have claws for hands.
Your metabolism is lightning-fast.
You like to eat raw meat.
Your natural rate of healing is unusually fast.
You are covered in fur. (AC +1)
You have very tough skin. (AC +2)


Message History

Aim: Nathiuz's ghost, wielding a weapon of draining (lightly damaged)
You throw a stone.
The stone hits Nathiuz's ghost but does no damage.
Nathiuz's ghost is lightly damaged.
You hit Nathiuz's ghost.
Nathiuz's ghost is lightly damaged.
Nathiuz's ghost hits you!
You feel drained. Nathiuz's ghost closely misses you.
You closely miss Nathiuz's ghost.
Nathiuz's ghost is lightly damaged.
Nathiuz's ghost hits you.
You feel drained.
You barely miss Nathiuz's ghost.
Nathiuz's ghost is lightly damaged.
Nathiuz's ghost hits you.
You feel drained.
You hit Nathiuz's ghost.
Nathiuz's ghost is moderately damaged.
Nathiuz's ghost hits you.
* * * LOW HITPOINT WARNING * * *
You feel drained. Nathiuz's ghost barely misses you. Nathiuz's ghost hits you!
You die...

#..(....##............
#.....#.##............
##...........##........
##......$(....##.....##.
#.......(......#...##...
#........(.....#.#....##
#................#.#####
#.......W(.....#.#.# #
#......@.......#.#.#
##.................#
##..........#.).###
############..## ####


You could see Nathiuz's ghost.

Vanquished Creatures
  A dart slug (D:1)
  A leopard gecko (D:1)
  An orc (D:3)
  2 ball pythons
  A giant cockroach (D:3)
  4 goblins
  7 hobgoblins
  4 kobolds
  A quokka (D:3)
  6 bats
  4 frilled lizards
  4 rats
36 creatures vanquished.

Vanquished Creatures (collateral kills)
  An adder (D:2)
1 creature vanquished.

Grand Total: 37 creatures vanquished

Notes
Turn   | Place    | Note
-------+----------+-------------------------------------------
     0 | D:1      | Ice the Troll Wizard began the quest for the Orb.
     0 | D:1      | Reached XP level 1. HP: 16/16 MP: 2/2
    41 | D:1      | Reached skill level 1 in Conjurations
   166 | D:1      | Reached XP level 2. HP: 20/24 MP: 0/4
   211 | D:1      | Learned a level 2 spell: Call Imp
   214 | D:1      | Learned a level 2 spell: Slow
   697 | D:2      | Found a sacrificial altar of Ru.
   740 | D:2      | Became a worshipper of Ru the Awakened
   774 | D:2      | Reached XP level 3. HP: 31/31 MP: 0/5
  1011 | D:2      | Found a white marble altar of Elyvilon.
  1014 | D:2      | Found a shimmering altar of Xom.
  1014 | D:2      | Found an ancient bone altar of Kikubaaqudgha.
  1019 | D:2      | Found a sparkling altar of Nemelex Xobeh.
  1271 | D:3      | Noticed Nathiuz's ghost (amateur DsAK)
  1282 | D:3      | Slain by Nathiuz's ghost

Skill      XL: |  1  2 |
---------------+-------+-----
Conjurations   | 1 2 |  2.5
Dodging        | |  1.5
Stealth        | |  1.0
Spellcasting   | |  2.0
Summonings     | |  0.6
Translocations | |  0.6

Action                   || total
-------------------------++-------
Melee: Whip              ||    10
       Mace              ||    36
Throw: Stone             ||    21
 Cast: Magic Dart        ||    49
       Call Imp          ||     2
  Use: Scroll            ||     3
 Stab: Sleeping          ||     2
  Eat: Chunk             ||    18
Armor: Robe              ||    12
Dodge: Dodged            ||    24
